 Dungeon Crawl Stone Soup version 0.32-a0-876-gcfddb08e57 (webtiles) character file.

Game seed: 3336439658439616759

2175 jestert79 the Skirmisher (level 9, -8/66 HPs)
             Began as a Coglin Hunter on Apr 1, 2024.
             Mangled by Maurice the guardian serpent (21 damage)
             ... on level 7 of the Dungeon.
             The game lasted 00:16:23 (6106 turns).

jestert79 the Skirmisher (Coglin Hunter)            Turns: 6106, Time: 00:16:25

Health: -8/66      AC:  7    Str: 11    XL:     9   Next: 32%
Magic:  9/9        EV: 13    Int: 10    God:
Gold:   223        SH:  0    Dex: 21    Spells: 8/8 levels left

rFire   . . .        a - +3 sling (freeze) {Rupprecht}
rCold   . . .        d - +0 sling {Joji}
rNeg    . . .        c - +0 leather armour
rPois   .            o - +0 helmet
rElec   .            p - +0 cloak
rCorr   .            l - +1 pair of gloves
SInv    .            (no boots)
Will    .....        (amulet unavailable)
Stlth   ++           (ring unavailable)
HPRegen 0.31/turn    (ring unavailable)
MPRegen 0.11/turn    (no gizmo)

%: no passive effects
@: slowed, revved, very slow
A: off-hand wielding, slow wielding, warmup strikes, no jewellery
a: Invent Gizmo


You were on level 7 of the Dungeon.
You visited 1 branch of the dungeon, and saw 7 of its levels.

You collected 267 gold pieces.
You spent 44 gold pieces at shops.

Inventory:

Hand Weapons
 a - a +3 sling of freezing (weapon) {Rupprecht}
 d - a +0 sling (offhand) {Joji}
Armour
 c - a +0 leather armour (worn)
 l - a +1 pair of gloves (worn)
 o - a +0 helmet (worn)
 p - a +0 cloak (worn)
Wands
 s - a wand of iceblast (6)
 u - a wand of paralysis (2)
Scrolls
 b - 3 scrolls of butterflies
 e - a scroll of brand weapon
 g - 3 scrolls of teleportation
 q - a scroll of enchant armour
 v - a scroll of enchant weapon
Potions
 f - 2 potions of lignification
 h - a potion of enlightenment {unknown}
 i - 2 potions of brilliance
 j - 2 potions of cancellation {unknown}
 k - 5 potions of curing


   Skills:
 + Level 4.7 Fighting
 + Level 9.9 Ranged Weapons
 + Level 4.2 Dodging
 - Level 0.7 Stealth
 + Level 3.3 Evocations


You had 8 spell levels left.
You didn't know any spells.
Your spell library contained the following spells:

 Spells                   Type           Power      Damage    Failure   Level
 Ensorcelled Hibernation  Hex/Ice        0%         N/A       58%         2
 Mercury Vapours          Alch/Air       0%         N/A       58%         2
 Call Canine Familiar     Summ           0%         N/A       83%         3
 Fugue of the Fallen      Necr           0%         N/A       83%         3
 Inner Flame              Hex/Fire       0%         N/A       83%         3
 Mephitic Cloud           Conj/Alch/Air  0%         N/A       83%         3
 Sigil of Binding         Hex            0%         N/A       83%         3
 Anguish                  Hex/Necr       0%         N/A       99%         4
 Dimensional Bullseye     Hex/Tloc       0%         N/A       99%         4
 Freezing Cloud           Conj/Ice/Air   0%         6-21      100%        5
 Irradiate                Conj/Alch      0%         3d11      100%        5
 Ignition                 Fire           0%         3d3       100%        8


Dungeon Overview and Level Annotations

Branches:
Dungeon (7/15)
 Temple: D:4-7

Altars:
Hepliaklqana

Shops:
D:2 !   D:4 *

Annotations:
D:5 1 transporter, TwadoKnight's ghost, novice MiFi
D:7 Maurice


Innate Abilities, Weirdness & Mutations

You can wield a second weapon in your off-hand.
It takes a long time for you to wield or remove held weapons.
Your first few attacks do less damage.
You cannot equip rings or amulets.


Message History

Maurice is heavily wounded.
You shoot a sling bullet. The sling bullet hits Maurice.
Maurice is severely wounded.
Maurice hits you!! x2
Unknown command.
Unknown command.
Unknown command.
You shoot a sling bullet. The sling bullet hits Maurice.
Maurice is severely wounded.
You shoot a sling bullet.
The sling bullet completely misses Maurice.
Maurice hits you but does no damage.
Unknown command.
Unknown command.
You shoot a sling bullet. The sling bullet hits Maurice.
Maurice is severely wounded.
You shoot a sling bullet. The sling bullet hits Maurice.
The sling bullet freezes Maurice.
Maurice is almost dead.
Maurice casts a spell at you.
You feel yourself slow down. Maurice hits you!
* * * LOW HITPOINT WARNING * * *
Unknown command.
You shoot a sling bullet.
The sling bullet completely misses Maurice.
You shoot a sling bullet.
The sling bullet hits Maurice but does no damage.
Maurice is almost dead.
Maurice hits you but does no damage. x2
Unknown command.
Unknown command.
Okay, then.
Unknown command.
You shoot a sling bullet. The sling bullet hits Maurice.
The sling bullet freezes Maurice.
Maurice is almost dead.
You shoot a sling bullet. The sling bullet hits Maurice.
Maurice is almost dead.
Maurice hits you!!
You die...

####### #§§...#
##############§###.#
...........@.#.§§#.#
...........#S#<###.#
...........#.##....##
...........#$#......#
.........#.#.#..##.##
#.#######.#.#.#..##.#
#.........#...#...#.#
######.#..######..#.#
#.#......##..#.#


You could see Maurice the guardian serpent.

Vanquished Creatures
  Duvessa (D:4)
  2 ice beasts
  2 sky beasts
  A black bear (D:5)
  An ogre (D:5)
  A centaur (D:4)
  4 lemures
  2 bullfrogs
  A gnoll sergeant (D:6)
  4 scorpions
  A wyvern zombie (D:6)
  Dowan (D:4)
  2 bombardier beetles
  Crazy Yiuf (D:3)
  A hound (D:6)
  A bullfrog skeleton (D:6)
  An orc priest (D:6)
  A jelly (D:4)
  6 iguanas
  3 sleepcaps (D:5)
  Ijyb (D:4)
  3 orc wizards
  A killer bee zombie (D:6)
  A howler monkey zombie (D:6)
  Robin (D:3)
  11 gnolls
  12 adders
  3 white imps
  2 ufetubi (D:5)
  12 orcs
  9 bats
  3 endoplasms
  8 giant cockroaches
  10 goblins
  9 hobgoblins
  A jackal (D:3)
  4 quokkas
  11 ball pythons
  6 frilled lizards
  6 kobolds
  9 rats
160 creatures vanquished.

Notes
Turn   | Place    | Note
-------+----------+-------------------------------------------
     0 | D:1      | jestert79 the Coglin Hunter began the quest for the Orb.
     0 | D:1      | Reached XP level 1. HP: 16/16 MP: 1/1
   229 | D:1      | Reached skill level 4 in Ranged Weapons
   229 | D:1      | Reached XP level 2. HP: 22/22 MP: 2/2
   755 | D:2      | Reached XP level 3. HP: 27/27 MP: 3/3
  1010 | D:2      | Reached skill level 5 in Ranged Weapons
  1050 | D:2      | Reached XP level 4. HP: 33/33 MP: 4/4
  1125 | D:2      | Found Davut's Distillery.
  1243 | D:2      | Bought a potion of curing for 33 gold pieces
  1243 | D:2      | Bought a potion of degeneration for 11 gold pieces
  1789 | D:3      | Reached XP level 5. HP: 38/38 MP: 5/5
  1898 | D:3      | Reached skill level 6 in Ranged Weapons
  2007 | D:3      | Reached XP level 6. HP: 23/44 MP: 6/6
  2204 | D:3      | Noticed Robin
  2228 | D:3      | Killed Robin
  2317 | D:3      | Noticed a sky beast
  2324 | D:3      | Killed a sky beast
  2325 | D:3      | Reached skill level 7 in Ranged Weapons
  2482 | D:3      | Found a runed translucent door.
  2483 | D:3      | Noticed Crazy Yiuf
  2495 | D:3      | Killed Crazy Yiuf
  2720 | D:4      | Noticed an ice beast
  2736 | D:4      | Killed an ice beast
  2737 | D:4      | Reached XP level 7. HP: 6/50 MP: 7/7
  3049 | D:4      | Noticed Edmund
  3064 | D:4      | Edmund changed into Edmund the jelly
  3064 | D:4      | Noticed Edmund
  3066 | D:4      | Killed Edmund the jelly
  3115 | D:4      | Noticed Dowan
  3187 | D:4      | Found Dyastre Ykhli's Serpentskin Sales.
  3205 | D:4      | Noticed Ijyb
  3252 | D:4      | Killed Dowan
  3253 | D:4      | Reached skill level 8 in Ranged Weapons
  3255 | D:4      | Noticed Duvessa
  3256 | D:4      | Killed Ijyb
  3266 | D:4      | Killed Duvessa
  3517 | D:4      | Reached XP level 8. HP: 12/56 MP: 8/8
  3978 | D:5      | Entered Level 5 of the Dungeon
  3991 | D:5      | Noticed Eustachio
  4026 | D:4      | Eustachio changed into Eustachio the centaur
  4026 | D:4      | Noticed Eustachio
  4032 | D:4      | Killed Eustachio the centaur
  4033 | D:4      | Reached skill level 9 in Ranged Weapons
  4212 | D:5      | Noticed Pikel
  4222 | D:5      | Paralysed by Pikel for 5 turns
  4489 | D:5      | Found a transporter.
  4490 | D:5      | Noticed TwadoKnight's ghost (novice MiFi)
  4604 | D:5      | Found a hazy altar of Hepliaklqana.
  5091 | D:5      | Pikel changed into Pikel the bullfrog
  5091 | D:5      | Noticed Pikel
  5097 | D:5      | Killed Pikel the bullfrog
  5217 | D:6      | Reached skill level 1 in Evocations
  5282 | D:6      | Reached XP level 9. HP: 65/65 MP: 9/9
  6095 | D:7      | Noticed Maurice
  6098 | D:7      | Noticed Maurice
  6106 | D:7      | Mangled by Maurice the guardian serpent

Illustrated notes

Levels and vault maps discovered:
D:1:      eino_arrival_water_cross, layout_basic, item_on_display_a
D:2:      layout_rooms, serial_shops, shop
D:3:      minmay_chambers_of_threes, layout_loops_cross, st_stairs_8,
          minmay_diced_spiral, uniq_crazy_yiuf_cottage, uniq_robin
D:4:      dreamdust_elfheim, layout_cave_pools, kennysheep_pointless_box,
          minivault_5, guppyfry_shop_venom, uniq_ijyb, uniq_duvessa, uniq_edmund
D:5:      layout_rooms, lemuel_tele_altar, gammafunk_ghost_smash,
          hellmonk_no_cap, uniq_pikel, uniq_eustachio
D:6:      layout_loops_cross, serial_undead, serial_undead_d, serial_undead_e,
          serial_undead_c, serial_undead_c
D:7:      layout_basic, minitemple, minmay_temple_entry_stoned_glass,
          uniq_jeremiah, uniq_maurice, uniq_joseph

Skill      XL: |  1  2  3  4  5  6  7  8  9 |
---------------+----------------------------+-----
Ranged Weapons | 4 5 6 7 8 9 |  9.9
Dodging        | 3 4 |  4.2
Fighting       | 4 |  4.7
Evocations     | 1 3 |  3.3
Stealth        | |  0.7

Action                     |  1- 3 |  4- 6 |  7- 9 || total
---------------------------+-------+-------+-------++-------
   Fire: Sling             |   134 |   260 |   594 ||   988
  Evoke: Wand              |       |       |    18 ||    18
    Use: Scroll            |       |     5 |     5 ||    10
         Potion            |       |     1 |       ||     1
 Armour: Leather armour    |    16 |    27 |   111 ||   154
  Dodge: Dodged            |    22 |    16 |    94 ||   132

Table legend: (Time is in decaauts)
 A = Elapsed time spent in this place.
 B = Non-inter-level travel time spent in this place.
 C = Inter-level travel time spent in this place.
 D = Time resting spent in this place.
 E = Time spent auto-exploring this place.
 F = Levels seen in this place.
 G = Mean time per level.
                   A        B        C        D        E       F      G
               +--------+--------+--------+--------+--------+-----+--------+
         Total |   6138 |   5786 |    352 |   1489 |   3138 |   7 |  876.9 |
       Dungeon |   6138 |   5786 |    352 |   1489 |   3138 |   7 |  876.9 |
               +--------+--------+--------+--------+--------+-----+--------+

Top non-repeatable levels by time:
     D:3: 1450 daAuts
     D:4: 1349 daAuts
     D:5: 950 daAuts
     D:1: 902 daAuts
     D:6: 825 daAuts
     D:2: 588 daAuts
     D:7: 70 daAuts
